 Dungeon Crawl Stone Soup version 0.24-a0-639-gb70a11d811 (webtiles) character file.

Game seed: 15095936182491454546, levelgen mode: deterministic

114 Holzbalken the Cudgeler (level 4, 0/33 HPs)
             Began as a Demonspawn Gladiator on Sept 22, 2019.
             Slain by a gnoll
             ... wielding a +1 spear of venom
              (4 damage)
             ... on level 2 of the Dungeon.
             The game lasted 00:11:24 (2079 turns).

Holzbalken the Cudgeler (Demonspawn Gladiator)      Turns: 2079, Time: 00:11:24

Health: 0/33       AC:  4    Str: 14    XL:     4   Next: 66%
Magic:  4/4        EV: 13    Int: 10    God:
Gold:   76         SH:  0    Dex: 17    Spells: 3/3 levels left

rFire    . . .     SeeInvis .   a - +0 flail
rCold    . . .     Gourm    .   (no shield)
rNeg     . . .     Faith    .   b - +0 leather armour
rPois    .         Spirit   .   c - +0 helmet
rElec    .         Reflect  .   (no cloak)
rCorr    .         Harm     .   (no gloves)
MR       .....                  (no boots)
Stlth    ++........             (no amulet)
HPRegen  0.11/turn              (no ring)
MPRegen  0.09/turn              (no ring)

@: lethally poisoned (0 -> -33)
A: thin skeletal structure 1, powered by death 2
a: no special abilities


You were on level 2 of the Dungeon.
You were not hungry.

You visited 1 branch of the dungeon, and saw 2 of its levels.

You collected 76 gold pieces.

Inventory:

Hand Weapons
 a - a +0 flail (weapon)
Missiles
 m - 23 stones (quivered)
 o - 17 poisoned darts
Armour
 b - a +0 leather armour (worn)
 c - a +0 helmet (worn)
Scrolls
 j - 4 scrolls of teleportation {unknown}
 k - 2 scrolls of identify {unknown}
 l - a scroll of immolation {unknown}
 q - a scroll of blinking {unknown}
 v - a scroll of enchant armour {unknown}
Potions
 e - 2 potions of haste {unknown}
 h - a potion of heal wounds {unknown}
 i - a potion of berserk rage {unknown}
 n - 2 potions of cancellation {unknown}
 p - a potion of agility {unknown}
 r - a potion of flight {unknown}
 s - a potion of brilliance {unknown}
 t - a potion of invisibility {unknown}
 u - a potion of magic {unknown}
Comestibles
 f - 4 rations
 g - 4 chunks of flesh


   Skills:
 - Level 2.0 Fighting
 + Level 5.0 Maces & Flails
 - Level 1.7 Throwing
 - Level 2.6 Dodging


You had 3 spell levels left.
You didn't know any spells.
Your spell library was empty.

Dungeon Overview and Level Annotations

Branches:
Dungeon (2/15)

Altars:


Innate Abilities, Weirdness & Mutations

You have a somewhat thin skeletal structure. (Dex +2, Stealth)
You regenerate health from kills.


Message History

You feel sick. The gnoll hits you but does no damage.
You are lethally poisoned!
You feel sick.
The gnoll shouts!
You hit the gnoll but do no damage.
You feel sick.
The gnoll hits you from afar with a +1 spear of venom.
You are more poisoned.
The gnoll barely misses you.
You barely miss the gnoll.
You feel very sick. The gnoll hits you but does no damage.
You are more poisoned.
The gnoll hits you with a +0 club.
* * * LOW HITPOINT WARNING * * *
You sock the gnoll!
The gnoll is heavily wounded.
* * * LOW HITPOINT WARNING * * *
You feel very sick.
The gnoll hits you from afar with a +1 spear of venom.
You die...

### ########.##
#.###.......... ##
#.@gg(g(..(.... .#
#.###...(....g. .##########
#.##########..#
..........#####.....######..#
.............................
...######.#####.....##......##
.#.# #.# #..............# ##.#
#.#####......#. .....# ##.#
#)#..........# #...#


You could see 3 gnolls.

Vanquished Creatures
  4 adders
  2 oozes
  A dart slug (D:1)
  2 leopard geckos
  3 giant cockroaches (D:1)
  8 goblins
  10 hobgoblins
  6 jackals (D:2)
  10 kobolds
  A ball python (D:2)
  6 bats (D:1)
  3 frilled lizards
  4 rats
60 creatures vanquished.

Notes
Turn   | Place    | Note
-------+----------+-------------------------------------------
     0 | D:1      | Holzbalken the Demonspawn Gladiator began the quest for the
                  | Orb.
     0 | D:1      | Reached XP level 1. HP: 16/16 MP: 1/1
   107 | D:1      | Reached skill level 3 in Maces & Flails
   144 | D:1      | Gained mutation: You have a somewhat thin skeletal
                  | structure. (Dex +2, Stealth) [demonic ancestry]
   144 | D:1      | Reached XP level 2. HP: 18/22 MP: 2/2
   391 | D:1      | Gained mutation: You regenerate a little health from kills.
                  | [demonic ancestry]
   391 | D:1      | Reached XP level 3. HP: 13/27 MP: 3/3
   946 | D:1      | Reached skill level 4 in Maces & Flails
  1461 | D:2      | Gained mutation: You regenerate health from kills. [demonic
                  | ancestry]
  1461 | D:2      | Reached XP level 4. HP: 25/33 MP: 4/4
  1935 | D:2      | Reached skill level 5 in Maces & Flails
  2079 | D:2      | Slain by a gnoll

Levels and vault maps discovered:
D:1:      evilmike_arrival_crescent, layout_basic, minmay_misc_feat_doors,
          solitary_fountain, minmay_misc_feat_roman,
          chequers_serial_rivers_micro_e, chequers_serial_rivers_small_3,
          minmay_misc_feat_enclosed, minmay_tromino_v7
D:2:      layout_basic, first_ration, minmay_misc_feat_plants,
          kennysheep_generic_room_9

Skill      XL: |  1  2  3  4 |
---------------+-------------+-----
Maces & Flails | 3 4 5 |  5.0
Fighting       | |  2.0
Throwing       | |  1.7
Dodging        | |  2.6

Action                   |  1- 3 |  4- 6 || total
-------------------------+-------+-------++-------
Melee: Flail             |   140 |    65 ||   205
Throw: Throwing net      |       |     5 ||     5
       Stone             |       |     4 ||     4
 Stab: Sleeping          |     2 |     1 ||     3
  Eat: Chunk             |     2 |     2 ||     4
Armor: Leather armour    |    41 |    18 ||    59
Dodge: Dodged            |   109 |    58 ||   167

Table legend:
 A = Non-vault XP
 B = Vault XP
 C = Vault XP percentage of total XP
 D = Non-vault monster count
 E = Vault monster count
 F = Vault count percentage of total count
                 A         B        C        D         E       F
            +---------+---------+-------+---------+---------+-------
      Total |     158 |       5 |   3.1 |      56 |       4 |   6.7
            +---------+---------+-------+---------+---------+-------
        D:1 |      80 |       5 |   5.9 |      28 |       4 |  12.5
        D:2 |      78 |       0 |   0.0 |      28 |       0 |   0.0
            +---------+---------+-------+---------+---------+-------
